 Dungeon Crawl Stone Soup version 0.25-a0-287-g56a5b49892 (webtiles) character file.

Game seed: 12278883396775788160, levelgen mode: deterministic

1184 pod the Conjurer (level 8, 0/41 HPs)
             Began as a Deep Elf Conjurer on Dec 12, 2019.
             Slain by an orc warrior
             ... wielding a +0 hand axe
              (16 damage)
             ... on level 7 of the Dungeon.
             The game lasted 00:19:02 (5350 turns).

pod the Conjurer (Deep Elf Conjurer)                Turns: 5350, Time: 00:19:03

Health: 0/41       AC:  5    Str:  7    XL:     8   Next: 19%
Magic:  10/20      EV: 13    Int: 21    God:
Gold:   166        SH:  0    Dex: 15    Spells: 10/21 levels left

rFire    . . .     SeeInvis +   w - +2 short sword (venom)
rCold    + . .     Gourm    .   (no shield)
rNeg     . . .     Faith    .   z - +1 robe {rC+}
rPois    .         Spirit   .   (no helmet)
rElec    .         Reflect  .   o - +1 cloak
rCorr    .         Harm     .   (no gloves)
MR       +....                  (no boots)
Stlth    ++........             (no amulet)
HPRegen  0.13/turn              k - ring of see invisible
MPRegen  0.17/turn              C - ring of protection from magic

@: very slightly contaminated
A: no striking features
a: no special abilities


You were on level 7 of the Dungeon.
You were hungry.

You visited 1 branch of the dungeon, and saw 7 of its levels.
You also visited: Sewer.

You collected 166 gold pieces.

Inventory:

Hand Weapons
 d - a +0 short sword
 l - a +0 short sword
 w - a +2 short sword of venom (weapon)
 x - a +2 war axe of electrocution
Missiles
 q - 11 poisoned darts (quivered)
Armour
 a - a +0 robe
 e - a +0 ring mail
 g - a +0 shield
 j - a +0 robe
 o - a +1 cloak (worn)
 t - a scarf of resistance
 z - a +1 robe of cold resistance (worn)
Jewellery
 k - a ring of see invisible (left hand)
 C - a ring of protection from magic (right hand)
 D - a +2 ring of strength
Scrolls
 b - a scroll of amnesia
 h - a scroll of identify
 i - a scroll of enchant armour
 y - 3 scrolls of remove curse
 B - 2 scrolls of random uselessness
Potions
 n - 2 potions of curing
 p - 2 potions of flight
 r - 4 potions of heal wounds
 s - 2 potions of might
 u - 3 potions of agility
 v - 3 potions of brilliance
Comestibles
 c - 13 rations
 E - 8 chunks of flesh


   Skills:
 + Level 0.2 Fighting
 + Level 0.3 Short Blades
 + Level 2.6 Throwing
 * Level 3.0 Armour
 - Level 2.5 Dodging
 - Level 2.4 Stealth
 + Level 7.2 Spellcasting
 + Level 7.4 Conjurations
 * Level 4.6 Hexes


You had 10 spell levels left.
You knew the following spells:

 Your Spells              Type           Power        Failure   Level  Hunger
a - Magic Dart            Conj           ####         1%          1    None
b - Searing Ray           Conj           #####.       1%          2    None
c - Fulminant Prism       Conj/Hex       ####......   7%          4    ###....
d - Iskenderun's Mystic   Conj/Tloc      ###.....     19%         4    ###....

Your spell library contained the following spells:

 Spells                   Type           Power        Failure   Level  Hunger
 Dazzling Flash           Conj/Hex       ####..       2%          3    None


Dungeon Overview and Level Annotations

Branches:
Dungeon (8/15)             Temple (0/1) D:7           Sewer (visited)
   Lair: D:8-11

Altars:
Ashenzari
Cheibriados
Hepliaklqana
Kikubaaqudgha
Nemelex Xobeh
Zin

Shops:
D:7 :

Annotations:
D:4 2 runed translucent doors, twoshot's ghost, amateur DEFE
D:7 Harold


Message History

The gnoll is almost dead.
The gnoll is knocked back by the mystic blast.
The gnoll slams into the rock wall!
You kill the gnoll!
The mystic blast hits the gnoll.
The gnoll is moderately wounded.
The gnoll is knocked back by the mystic blast.
The mystic blast hits the gnoll.
The gnoll is moderately wounded.
The gnoll is knocked back by the mystic blast.
The mystic blast hits the orc warrior but does no damage.
The mystic blast hits the orc wizard!
You kill the orc wizard!
The mystic blast hits the orc wizard!
The orc wizard is heavily wounded.
The orc wizard is knocked back by the mystic blast.
You are feeling hungry.
The orc wizard casts a cantrip, but nothing happens.
The orc warrior hits you with a +0 hand axe!
You die...

#.....# #.....#
.....# #....
##.... #....#
#..o)# ##g.@#
######....##
##....#...g.#
#.J........)#
#.....o.....#
#..........#
#..........#
########..######
..###..##...## .


You could see an orc warrior, an orc wizard and 2 gnolls.

Vanquished Creatures
  An orc warrior (D:8)
  2 sky beasts (D:7)
  An ogre (D:4)
  A bullfrog zombie (D:4)
  4 hounds
  Crazy Yiuf (D:2)
  2 orc priests
  9 orc wizards
  3 gnolls
  A howler monkey skeleton (D:7)
  10 adders
  3 river rats (Sewer)
  An ooze (D:1)
  3 worms (D:3)
  A dart slug (D:1)
  2 leopard geckos (D:4)
  16 orcs
  4 giant cockroaches
  4 goblins
  14 hobgoblins
  9 jackals
  34 kobolds
  A quokka (D:2)
  9 ball pythons
  11 bats
  9 frilled lizards
  29 rats
185 creatures vanquished.

Notes
Turn   | Place    | Note
-------+----------+-------------------------------------------
     0 | D:1      | pod the Deep Elf Conjurer began the quest for the Orb.
     0 | D:1      | Reached XP level 1. HP: 10/10 MP: 6/6
   162 | D:1      | Reached XP level 2. HP: 8/15 MP: 1/8
   290 | D:1      | Learned a level 2 spell: Searing Ray
   427 | D:1      | Reached skill level 5 in Conjurations
   596 | D:1      | Reached XP level 3. HP: 19/19 MP: 6/9
  1464 | D:2      | Found a sparkling altar of Nemelex Xobeh.
  1464 | D:2      | Found a glowing silver altar of Zin.
  1466 | D:2      | Reached skill level 1 in Armour
  1468 | D:2      | Found a snail-covered altar of Cheibriados.
  1514 | D:2      | Reached XP level 4. HP: 23/24 MP: 8/11
  1522 | D:2      | Learned a level 4 spell: Fulminant Prism
  1751 | D:2      | Found a runed translucent door.
  1752 | D:2      | Noticed Crazy Yiuf
  1970 | D:2      | Killed Crazy Yiuf
  1970 | D:2      | Reached skill level 1 in Hexes
  2174 | D:3      | Found a faded altar of an unknown god.
  2177 | D:3      | Reached XP level 5. HP: 28/28 MP: 10/13
  2349 | D:3      | Found a glowing drain.
  2392 | Sewer    | Entered a sewer
  2581 | Sewer    | Reached skill level 5 in Spellcasting
  2834 | Sewer    | Reached XP level 6. HP: 32/32 MP: 4/15
  3346 | Sewer    | Learned a level 4 spell: Iskenderun's Mystic Blast
  3986 | D:4      | HP: 1/32 [orc wizard/magic dart (10)]
  4117 | D:4      | Reached skill level 1 in Throwing
  4221 | D:4      | Found a large runed translucent door.
  4222 | D:4      | Found a large runed translucent door.
  4225 | D:4      | Noticed twoshot's ghost (amateur DEFE)
  4332 | D:4      | Reached XP level 7. HP: 36/36 MP: 14/17
  4415 | D:4      | Found a hazy altar of Hepliaklqana.
  4415 | D:4      | Found an ancient bone altar of Kikubaaqudgha.
  4423 | D:4      | Found a faded altar of an unknown god.
  4425 | D:4      | Found a faded altar of an unknown god.
  4427 | D:4      | Found a shattered altar of Ashenzari.
  4645 | D:5      | Entered Level 5 of the Dungeon
  4767 | D:5      | You fall into a shaft and drop 3 floors!
  5095 | D:7      | Found a staircase to the Ecumenical Temple.
  5105 | D:7      | Found Enah's Book Emporium.
  5127 | D:7      | Noticed Harold
  5238 | D:7      | Noticed a hippogriff
  5251 | D:7      | Reached XP level 8. HP: 24/41 MP: 8/20
  5350 | D:7      | Slain by an orc warrior

Levels and vault maps discovered:
D:1:      onia_arrival_pyramid, layout_rooms
D:2:      layout_rooms, gammafunk_temple_overflow_claw, first_ration,
          uniq_crazy_yiuf_cottage
D:3:      layout_rooms, chequers_ecumenical_altar_simple_redux,
          cheibrodos_sewer_entry_sluice, corexii_shack
D:4:      layout_gridville, chequers_temple_overflow_minitemple, serial_bayou,
          serial_bayou_pond_d, serial_bayou_pond_c, serial_bayou_crossing,
          serial_bayou_pond_c, ebering_ghost_disaster_area, cheibrodos_gnoll_hut
D:5:      layout_loops_cross, kennysheep_mini_moat, marbit_many_paths,
          nicolae_overflow_crystal_walls, serial_shops, shop_statue
D:7:      layout_gridville, temple_statues, serial_shops,
          nicolae_shop_window_shopping, enter_ossuary_1, uniq_harold
D:8:      layout_loops_ring, uniq_psyche

Skill      XL: |  1  2  3  4  5  6  7  8 |
---------------+-------------------------+-----
Conjurations   | 5 6 7 |  7.4
Armour         | 1 2 3 |  3.0
Spellcasting   | 4 5 7 |  7.2
Hexes          | 1 2 3 4 |  4.6
Throwing       | 1 2 |  2.6
Fighting       | |  0.2
Short Blades   | |  0.3
Dodging        | |  2.5
Stealth        | |  2.4

Action                   |  1- 3 |  4- 6 |  7- 9 || total
-------------------------+-------+-------+-------++-------
Melee: Short sword       |       |     8 |     3 ||    11
Throw: Dart              |       |    17 |     2 ||    19
 Cast: Magic Dart        |    90 |   168 |    35 ||   293
       Searing Ray       |     1 |     9 |     9 ||    19
       Iskenderun's Myst |       |       |     1 ||     1
  Use: Scroll            |       |     7 |     8 ||    15
       Potion            |       |     1 |       ||     1
  Eat: Chunk             |     2 |     8 |     3 ||    13
Armor: Ring mail         |     2 |       |       ||     2
       Robe              |     1 |     7 |     9 ||    17
Dodge: Dodged            |    11 |    30 |    33 ||    74

Table legend:
 A = Non-vault XP
 B = Vault XP
 C = Vault XP percentage of total XP
 D = Non-vault monster count
 E = Vault monster count
 F = Vault count percentage of total count
                 A         B        C        D         E       F
            +---------+---------+-------+---------+---------+-------
      Total |    1424 |     268 |  15.8 |     128 |      57 |  30.8
            +---------+---------+-------+---------+---------+-------
        D:1 |      56 |       0 |   0.0 |      31 |       0 |   0.0
        D:2 |      99 |      41 |  29.3 |      32 |       1 |   3.0
        D:3 |     151 |      18 |  10.7 |      31 |       5 |  13.9
        D:4 |     368 |     104 |  22.0 |      13 |       3 |  18.8
        D:5 |       4 |       0 |   0.0 |       2 |       0 |   0.0
        D:7 |     568 |       0 |   0.0 |      14 |       0 |   0.0
        D:8 |     178 |       0 |   0.0 |       5 |       0 |   0.0
      Sewer |       0 |     105 | 100.0 |       0 |      48 | 100.0
            +---------+---------+-------+---------+---------+-------
